 Dungeon Crawl Stone Soup version 0.29.0-4-gdea44cf6ec (webtiles) character file.

Game seed: 6992456873298436304

56 qw the Chopper (level 3, 0/21 HPs)
             Began as a Tengu Warper on Aug 29, 2022.
             Slain by a gnoll
             ... wielding a +0 halberd
              (14 damage)
             ... on level 2 of the Dungeon.
             The game lasted 00:00:08 (1449 turns).

qw the Chopper (Tengu Warper)                       Turns: 1449, Time: 00:00:09

Health: 0/21       AC:  6    Str: 13    XL:     3   Next: 95%
Magic:  7/7        EV:  9    Int: 13    God:
Gold:   129        SH:  0    Dex: 13    Spells: 6/6 levels left

rFire   . . .      SeeInvis .   Y - +1 hand axe (vorpal)
rCold   . . .      Faith    .   (no shield)
rNeg    . . .      Spirit   .   i - +0 scale mail
rPois   .          Reflect  .   (helmet restricted)
rElec   .          Harm     .   (no cloak)
rCorr   .          Rampage  .   (no gloves)
Will    .....                   (boots unavailable)
Stlth   ..........              (no amulet)
HPRegen 0.07/turn               (no ring)
MPRegen 0.10/turn               (no ring)

@: no status effects
A: beak, talons 3
a: no special abilities


You were on level 2 of the Dungeon.
You visited 1 branch of the dungeon, and saw 2 of its levels.

You collected 129 gold pieces.


Innate Abilities, Weirdness & Mutations

You have a beak for a mouth.
You have claws for feet.


   Skills:
 - Level 2.0 Fighting
 + Level 4.5 Axes
 - Level 1.0 Throwing
 - Level 1.1 Armour
 - Level 2.1 Dodging
 - Level 2.0 Spellcasting
 - Level 2.4 Translocations


You had 6 spell levels left.
You didn't know any spells.
Your spell library contained the following spells:

 Spells                   Type           Power      Damage    Failure   Level
 Blink                    Tloc           14%        N/A       56%         2
 Gell's Gravitas          Tloc           7%         N/A       80%         3
 Lesser Beckoning         Tloc           7%         N/A       80%         3
 Teleport Other           Tloc           7%         N/A       80%         3
 Manifold Assault         Tloc           7%         N/A       100%        5

Inventory:

Hand Weapons
 a - a +0 club
 Y - a +1 vorpal hand axe (weapon)
Armour
 i - a +0 scale mail (worn)
Jewellery
 c - a +6 ring of dexterity
Scrolls
 b - a scroll of teleportation {unknown}
 g - 3 scrolls of identify

Dungeon Overview and Level Annotations

Branches:
Dungeon (2/15)

Altars:

Shops:
D:2 [


Message History

A giant cockroach comes into view.
Enter note:
Enter note: You closely miss the giant cockroach.
You claw the giant cockroach, but do no damage.
Your peck misses the giant cockroach.
The giant cockroach bites you but does no damage.
You hit the giant cockroach. You claw the giant cockroach.
You kill the giant cockroach!
You see here a giant cockroach corpse.
You open the door. 4 gnolls come into view.
The gnoll shouts! x2
The gnoll barely misses you.
Found a stone staircase leading up.
Enter note:
Enter note:
Enter note:
Enter note: A bat comes into view.
The gnoll barely misses you.
There is an open door here.
You hit the gnoll but do no damage. Your peck misses the gnoll.
The gnoll hits you with a +0 halberd. The bat barely misses you.
You hit the gnoll. Your peck misses the gnoll.
The gnoll is heavily wounded.
You hit the bat. The bat hits you but does no damage.
The gnoll hits you but does no damage.
You hit the gnoll. Your kick misses the gnoll. Your peck misses the gnoll.
The gnoll is heavily wounded.
You hit the gnoll. You closely miss the gnoll. The gnoll barely misses you.
The gnoll hits you but does no damage. The gnoll hits you with a +0 halberd.
You hit the gnoll but do no damage.
The gnoll is heavily wounded.
You barely miss the gnoll. You closely miss the gnoll.
The gnoll hits you with a +0 whip. The gnoll closely misses you.
The gnoll hits you with a +0 halberd!
Ouch! That really hurt!
You die...

.# #.......###.###.##
#.#### .# ##.....#.#.##
#.# #.# # .# ##...###.##
#.# #.#### .# #.#.#.####
#+## #..... .# #.###.#
#...# ####.. .# #.###.#
#..... #.# .# ##...##
#...... ##.#
.########....####g......
####..#
................@gg...<.
+......
#########....####gb.....
####... # #.#.## #......
##.# # #.### #..... ###
# #.# #...# # # #.##
#+## # # ####..#######
#.########### #
#...........#
#.##........# #
#.###.##.##.#
##.##.######.#


You could see 4 gnolls and a bat.

Vanquished Creatures
  An adder (D:2)
  A worm (D:2)
  A dart slug (D:2)
  2 ball pythons (D:2)
  3 endoplasms (D:1)
  4 giant cockroaches
  6 goblins
  5 hobgoblins
  2 jackals (D:1)
  2 quokkas (D:1)
  3 bats
  2 frilled lizards
  5 rats
37 creatures vanquished.

Vanquished Creatures (others)
  A withered plant (D:1)
1 creature vanquished.

Grand Total: 38 creatures vanquished

Notes
Turn   | Place    | Note
-------+----------+-------------------------------------------
     0 | D:1      | qw the Tengu Warper began the quest for the Orb.
     0 | D:1      | Reached XP level 1. HP: 12/12 MP: 4/4
     0 | D:1      | 0 ||| qw: Version: 0.1-a-89-g26bdef1
     0 | D:1      | 0 ||| qw: Game counter: 3623
     0 | D:1      | 0 ||| qw: Always use a shield: true
     0 | D:1      | 0 ||| qw: God list: Okawaru
     0 | D:1      | 0 ||| qw: Allow faded altars: false
     0 | D:1      | 0 ||| qw: Do Orc after D:15 true
     0 | D:1      | 0 ||| qw: Do second Lair branch before Depths: true
     0 | D:1      | 0 ||| qw: Lair rune preference: random
     0 | D:1      | 0 ||| qw: Plans: Normal
     0 | D:1      | 0 ||| PLANNING D:1-11
    58 | D:1      | Reached XP level 2. HP: 17/17 MP: 6/6
    67 | D:1      | 67 ||| Stepping ~*~*~tactically~*~*~ (stealth).
    72 | D:1      | Reached skill level 3 in Axes
   263 | D:1      | Found a faded altar of an unknown god.
   279 | D:1      | 279 ||| SWAPPING to +1 vorpal hand axe.
   280 | D:1      | 280 ||| DROPPING +0 hand axe.
   305 | D:1      | 305 ||| Stepping ~*~*~tactically~*~*~ (stealth).
   441 | D:1      | Reached XP level 3. HP: 17/21 MP: 7/7
   767 | D:1      | 767 ||| UPGRADING to +0 scale mail.
   777 | D:1      | 777 ||| DROPPING +0 leather armour.
   778 | D:1      | 778 ||| READING scroll labelled WUSIRIH OCLINN.
   779 | D:1      | 779 ||| READING 2 scrolls labelled KEILAT CAHU.
   780 | D:1      | 780 ||| DROPPING +0 club.
   781 | D:1      | 781 ||| READING scroll of brand weapon.
   781 | D:1      | 781 ||| BRANDING +1 hand axe of flaming.
   796 | D:1      | 796 ||| READING scroll labelled NAIC YS YCWIDAKHLOWN.
   797 | D:1      | 797 ||| READING 4 scrolls labelled HAYBUO JUCKETE.
   798 | D:1      | 798 ||| READING 3 scrolls of identify.
   798 | D:1      | 798 ||| IDENTIFYING fuming amethyst potion
   799 | D:1      | 799 ||| DROPPING scroll of blinking.
   800 | D:1      | 800 ||| DROPPING potion of degeneration.
   880 | D:2      | Reached skill level 4 in Axes
  1098 | D:2      | Found Ballohie's Armour Shop.
  1107 | D:2      | 1107 ||| SHOPLISTING +0 plate armour (322 gold, have 91).
  1107 | D:2      | 1107 ||| SHOPLISTING +0 plate armour of fire resistance
                  | (420 gold, have 91).
  1449 | D:2      | Slain by a gnoll

Levels and vault maps discovered:
D:1:      dpeg_arrival_ternary, layout_basic, ebering_ecumenical_altar_petrified
D:2:      layout_loops_corners, serial_shops, nicolae_lakefront_shop,
          wander_ebering_terrifying_dragon_lair

Skill      XL: |  1  2  3 |
---------------+----------+-----
Axes           | 3 4 |  4.5
Fighting       | |  2.0
Throwing       | |  1.0
Armour         | |  1.1
Dodging        | |  2.1
Spellcasting   | |  2.0
Translocations | |  2.4

Action                   || total
-------------------------++-------
Melee: Hand axe          ||    78
       Kick              ||    13
       Peck              ||    11
Throw: Boomerang         ||     7
  Use: Scroll            ||     6
Armor: Leather armour    ||    11
       Scale mail        ||    17
Dodge: Dodged            ||    34

Table legend:
 A = Non-vault XP
 B = Vault XP
 C = Vault XP percentage of total XP
 D = Non-vault monster count
 E = Vault monster count
 F = Vault count percentage of total count
                 A         B        C        D         E       F
            +---------+---------+-------+---------+---------+-------
      Total |      79 |       1 |   1.2 |      36 |       1 |   2.7
            +---------+---------+-------+---------+---------+-------
        D:1 |      39 |       0 |   0.0 |      23 |       0 |   0.0
        D:2 |      40 |       1 |   2.4 |      13 |       1 |   7.1
            +---------+---------+-------+---------+---------+-------
